 Dungeon Crawl Stone Soup version 0.29.1-12-g30fa7ad0bf (webtiles) character file.

Game seed: 6564398653246798661

2417 bubby the Covert (level 9, -3/51 HPs)
             Began as an Octopode Fire Elementalist on Jan 13, 2023.
             Was an Initiate of Vehumet.
             Asphyxiated
             ... on level 7 of the Dungeon.
             The game lasted 00:30:41 (10409 turns).

bubby the Covert (Octopode Fire Elementalist)      Turns: 10409, Time: 00:30:41

Health: -3/51      AC:  3    Str:  8    XL:     9   Next: 47%
Magic:  13/17      EV: 19    Int: 21    God:    Vehumet [......]
Gold:   421        SH:  0    Dex: 12    Spells: 10/18 levels left

rFire   . . .      SeeInvis +   y - +1 dire flail (protect)
rCold   . . .      Faith    +   (shield currently unavailable)
rNeg    . . .      Spirit   .   u - +2 hood of the Assassin {Detection Stab+ Stlth++}
rPois   .          Reflect  .   g - amulet of faith
rElec   .          Harm     .   e - ring of see invisible
rCorr   .          Rampage  .   q - +4 ring of evasion
Will    .....                   (no ring)
Stlth   +++++++...              (no ring)
HPRegen 0.17/turn               (no ring)
MPRegen 0.15/turn               (no ring)
                                (no ring)
                                (no ring)

@: lethally poisoned (-3 -> -30), slowed, very slow
A: almost no armour, amphibious, 8 rings, camouflage 1, gelatinous body 1,
(nimble swimmer 1), tentacles
a: Renounce Religion


You were on level 7 of the Dungeon.
You worshipped Vehumet.
Vehumet was noncommittal.
You visited 2 branches of the dungeon, and saw 8 of its levels.
You also visited: Ossuary.

You collected 421 gold pieces.

Inventory:

Hand Weapons
 r - a +1 dagger of speed
 y - a +1 dire flail of protection (weapon)
Missiles
 v - 4 atropa-tipped darts
Armour
 u - the +2 hood of the Assassin (worn) {Detection Stab+ Stlth++}
   (You found it on level 4 of the Dungeon)

   It allows the wearer to sense nearby creatures.
   It allows the wearer to make particularly effective stabbing attacks against
   helpless or unaware enemies with any weapon.
   Stlth:     It makes you much more stealthy.
Jewellery
 e - a ring of see invisible (left tentacle)
 g - an amulet of faith (around mantle)
 q - a +4 ring of evasion (right tentacle)
Wands
 b - a wand of iceblast (10)
 l - a wand of polymorph (11)
 o - a wand of quicksilver (7)
 p - a wand of digging (11)
 t - a wand of mindburst (31)
Scrolls
 f - 3 scrolls of vulnerability
 h - 2 scrolls of blinking {unknown}
 i - 8 scrolls of teleportation
 j - a scroll of magic mapping
 k - a scroll of silence {unknown}
 w - 2 scrolls of butterflies {unknown}
 x - 3 scrolls of immolation {unknown}
 E - a scroll of identify
Potions
 a - 2 potions of magic
 c - 2 potions of might
 m - a potion of cancellation
 n - 5 potions of ambrosia
 z - 2 potions of brilliance
 A - 3 potions of heal wounds
 B - a potion of haste {unknown}
 C - a potion of curing {unknown}
 D - 3 potions of flight


   Skills:
 + Level 5.9 Dodging
 + Level 8.3 Stealth
 + Level 5.4 Spellcasting
 + Level 5.5 Conjurations
 + Level 6.3 Fire Magic


You had 10 spell levels left.
You knew the following spells:

 Your Spells              Type           Power      Damage    Failure   Level
a - Foxfire               Conj/Fire      100%       2x1d9     1%          1
b - Scorch                Fire           64%        2d8       1%          2
c - Fireball              Conj/Fire      15%        3d8       26%         5

Your spell library contained the following spells:

 Spells                   Type           Power      Damage    Failure   Level
 Conjure Flame            Conj/Fire      30%        6-21      2%          3
 Inner Flame              Hex/Fire       18%        N/A       9%          3
 Flame Wave               Conj/Fire      30%        2d9       9%          4
 Iskenderun's Battlesphe  Conj           29%        2d8       28%         5
 Animate Dead             Necr           5%         N/A       71%         4
 Borgnjor's Vile Clutch   Necr/Erth      2%         N/A       96%         5
 Conjure Ball Lightning   Conj/Air       8%         3x3d6     99%         6
 Death Channel            Necr           2%         N/A       100%        6
 Orb of Destruction       Conj           14%        9d7       100%        7


Dungeon Overview and Level Annotations

Branches:
Dungeon (7/15)             Temple (1/1) D:7         Ossuary (visited)

Altars:
Ashenzari
Dithmenos
Elyvilon
Fedhas
Gozag
Hepliaklqana
Kikubaaqudgha
Makhleb
Nemelex Xobeh
Okawaru
Ru
Sif Muna
Uskayaw
Vehumet
Wu Jian
Xom
Zin
The Shining One

Annotations:
D:1 1 transporter
D:5 2 runed translucent doors, hawla's ghost, amateur MeFE


Innate Abilities, Weirdness & Mutations

You cannot wear most types of armour.
You are amphibious.
You can wear up to eight rings at the same time.
Your skin changes colour to match your surroundings (Stealth+).
Your rubbery body absorbs attacks. (AC +1, EV +1)
((You are camouflaged when in or above water. (Stealth+)))
You have tentacles for arms and can constrict up to eight enemies at once.


Message History

The poisoned dart barely misses you.
You feel sick.
You feel sick.
You feel sick.
You feel sick.
You are no longer poisoned.
You start resting.
You sense a monster nearby.
You start resting.
Magic restored.
You start resting.
A kobold brigand comes into view.
It is wielding a +0 club and quivering curare-tipped darts.
Casting: Scorch (safe; 1% risk of failure)
Confirm with . or Enter, or press ? or * to list all spells.
Flames lash the kobold brigand.
The kobold brigand is moderately wounded.
The kobold brigand's fire resistance burns away.
You hear a shout!
The kobold brigand throws a curare-tipped dart.
The curare-tipped dart hits you.
You are poisoned.
You have difficulty breathing.
You feel yourself slow down.
Casting: Scorch (safe; 1% risk of failure)
Confirm with . or Enter, or press ? or * to list all spells.
Flames lash the kobold brigand.
The kobold brigand is burned terribly!
The kobold brigand is almost dead.
* * * LOW HITPOINT WARNING * * *
You feel very sick.
You hear a shout!
The kobold brigand throws a curare-tipped dart.
The curare-tipped dart hits you.
You are lethally poisoned!
You have difficulty breathing.
* * * LOW HITPOINT WARNING * * *
You feel as though you will be slow longer.
The kobold brigand throws a curare-tipped dart.
The curare-tipped dart hits you.
You are more poisoned.
You have difficulty breathing.
You die...

#.# { #.# #####
#.# #.).
####.###)#######
#........)).....
#....###.#######
#.#### #.#
########. #.# #{#
#........ ##.##
#.# #@#
##.#.#####.####.#
##.###.........K.#
....#..###########
.....).# ########


You could see a kobold brigand (combustible).

Vanquished Creatures
  A steam dragon (D:6)
  Eustachio (D:6)
  Edmund (D:6)
  A water moccasin (D:4)
  A sky beast (D:7)
  A black bear (D:4)
  An ogre (D:5)
  A necrophage (D:6)
  3 scorpions
  5 water moccasin zombies (Ossuary)
  3 wights (D:4)
  2 quasits (D:6)
  3 jellies
  2 hounds
  4 orc priests
  Jessica (D:2)
  Ijyb (D:3)
  5 iguanas
  Natasha (thrice) (D:2)
  5 orc wizards
  2 mummies (Ossuary)
  7 adders
  A gnoll (D:4)
  A white imp (D:6)
  An ufetubus (D:4)
  6 adder zombies (Ossuary)
  2 worms
  7 dart slugs
  12 orcs
  8 endoplasms
  2 giant cockroaches
  3 gnoll zombies (Ossuary)
  7 goblins
  13 hobgoblins
  6 jackals (D:2)
  15 kobolds
  5 quokkas
  4 ball pythons
  4 bats
  6 frilled lizards
  4 hobgoblin zombies (Ossuary)
  6 kobold zombies (Ossuary)
  4 orc zombies (Ossuary)
  2 rats
173 creatures vanquished.

Vanquished Creatures (others)
  779 foxfires
779 creatures vanquished.

Grand Total: 952 creatures vanquished

Notes
Turn   | Place    | Note
-------+----------+-------------------------------------------
     0 | D:1      | bubby the Octopode Fire Elementalist began the quest for
                  | the Orb.
     0 | D:1      | Reached XP level 1. HP: 11/11 MP: 3/3
   158 | D:1      | Reached XP level 2. HP: 17/17 MP: 3/5
   211 | D:1      | Reached skill level 3 in Stealth
  1017 | D:1      | Reached XP level 3. HP: 21/21 MP: 3/6
  1574 | D:2      | Found a faded altar of an unknown god.
  1703 | D:2      | Noticed Jessica
  1709 | D:2      | Killed Jessica
  1710 | D:2      | Reached XP level 4. HP: 27/27 MP: 1/7
  1713 | D:2      | Learned a level 2 spell: Scorch
  2205 | D:2      | Found a hide-covered altar of Uskayaw.
  2574 | D:2      | Noticed Natasha
  2588 | D:2      | Killed Natasha
  2589 | D:2      | Reached skill level 4 in Stealth
  2589 | D:2      | Reached XP level 5. HP: 8/31 MP: 1/9
  2919 | D:2      | Noticed Natasha
  2926 | D:2      | Killed Natasha
  3005 | D:2      | Noticed Natasha
  3053 | D:2      | Killed Natasha
  3627 | D:3      | Noticed Ijyb
  3635 | D:3      | Killed Ijyb
  3636 | D:3      | Reached XP level 6. HP: 26/36 MP: 5/10
  4468 | D:4      | Reached skill level 5 in Stealth
  4738 | D:4      | Reached XP level 7. HP: 41/41 MP: 8/12
  5857 | D:4      | Reached skill level 6 in Stealth
  5951 | D:4      | Found the +2 hood of the Assassin {Detection Stab+ Stlth++}
  6215 | D:5      | Entered Level 5 of the Dungeon
  6221 | D:5      | Reached XP level 8. HP: 46/46 MP: 6/14
  6355 | D:5      | Reached skill level 5 in Fire Magic
  6593 | D:5      | Found a runed translucent door.
  6599 | D:5      | Noticed hawla's ghost (amateur MeFE)
  6684 | D:5      | Found a runed translucent door.
  6807 | D:5      | Identified the +6 scale mail of Youthful Indiscretion
                  | {Str+3}
  7315 | D:6      | Noticed Edmund
  7334 | D:6      | Killed Edmund
  7396 | D:6      | Found a sand-covered staircase.
  7426 | Ossuary  | Entered an ossuary
  7553 | Ossuary  | Reached skill level 7 in Stealth
  7558 | Ossuary  | Reached skill level 5 in Dodging
  8470 | D:6      | Learned a level 5 spell: Fireball
  8666 | D:6      | Found a shimmering blue altar of Sif Muna.
  8749 | D:6      | Reached skill level 5 in Conjurations
  8749 | D:6      | Reached XP level 9. HP: 51/51 MP: 8/16
  8759 | D:6      | Reached skill level 5 in Spellcasting
  8979 | D:6      | Noticed Eustachio
  8994 | D:6      | Killed Eustachio
  9424 | D:6      | Reached skill level 8 in Stealth
  9725 | D:7      | Found a hide-covered altar of Uskayaw.
  9766 | D:7      | Found a staircase to the Ecumenical Temple.
  9777 | Temple   | Entered the Ecumenical Temple
  9796 | Temple   | Became a worshipper of Vehumet
 10090 | D:7      | Noticed a hornet
 10409 | D:7      | Asphyxiated

Illustrated notes

Levels and vault maps discovered:
D:1:      spicycebolla_arrival_transporter_tutorial, layout_loops_ring,
          kennysheep_minor_cross
D:2:      layout_rooms, basic_altar, hellmonk_ecumenical_altar_heavens_door,
          minmay_fractal_squares_gapless_5, uniq_natasha, uniq_jessica
D:3:      layout_loops_cross, small_statue_alley_b, kennysheep_generic_room_8,
          uniq_ijyb
D:4:      minmay_octagon_keep, layout_basic
D:5:      layout_basic, ebering_ghost_sewer_f
D:6:      cheibrodos_quashed, layout_loops_ring,
          nicolae_sif_muna_little_library, lightli_ossuary_entry_decrepit_ruins,
          uniq_edmund, uniq_eustachio
D:7:      layout_loops_ring, lemuel_coloured_pillars_altar,
          minmay_temple_entry_purple_smoke, minivault_24
Temple:   lightli_temple_of_artemis

Skill      XL: |  1  2  3  4  5  6  7  8  9 |
---------------+----------------------------+-----
Stealth        | 3 4 5 6 7 8 |  8.3
Conjurations   | 2 3 5 |  5.5
Dodging        | 3 4 5 |  5.9
Spellcasting   | 3 4 5 |  5.4
Fire Magic     | 4 5 6 |  6.3

Action                   |  1- 3 |  4- 6 |  7- 9 || total
-------------------------+-------+-------+-------++-------
Melee: Dagger            |     2 |    18 |    15 ||    35
       Constrict         |       |     7 |     8 ||    15
       Tentacles         |       |     6 |     8 ||    14
       Dire flail        |       |       |    14 ||    14
       Punch             |       |       |     2 ||     2
 Cast: Foxfire           |    76 |   138 |   276 ||   490
       Scorch            |       |    20 |    69 ||    89
Evoke: Wand              |       |       |     3 ||     3
  Use: Scroll            |       |       |    10 ||    10
 Stab: Sleeping          |       |       |     1 ||     1
Armor: Skin              |       |       |    12 ||    12
Dodge: Dodged            |       |    19 |    84 ||   103
